Map: Blueshift LE

Players

Cassidy - Winner!

  • Race: Zerg Zerg
  • League: Diamond
  • Spawn Location: 1:00

Strike

  • Race: Protoss Protoss
  • League: Diamond
  • Spawn Location: 7:00

VOD

Have the link to the VOD?

Description

Hi, this is Cassidy, and this is my short meme

Time

  • Played on: Aug. 16, 2018, 12:21 a.m.
  • Length: 3:57
Show
View Real Time Build Order
Export as new Build Order

Cassidy Zerg - Winner!

Build Orders: Pool First 

Get SALT Encoding   

  12  0:01  Drone  
  13  0:22  Spawning Pool  
  12  0:46  Drone x2  
  12  0:47  Overlord  
  14  1:11  Hatchery  
  13  1:13  Zergling x2  
  13  1:16  Zergling x2  
  15  1:20  Zergling x2  
  16  1:30  Zergling x2  
  17  1:39  Extractor  
  16  1:42  Drone  
  16  1:43  Queen  
  19  1:58  Roach Warren  
  16  2:24  Queen  
  18  2:37  Drone x2  
  20  2:46  Roach  
  22  2:51  Spine Crawler  
  22  2:54  Spine Crawler  
  19  3:09  Roach x2  
Show
View Real Time Build Order
Export as new Build Order

Strike Protoss 

Build Orders:  

Get SALT Encoding   

  12  0:01  Probe  
  13  0:13  Probe  
  14  0:25  Probe, Pylon  
  15  0:40  Probe  
  15  0:43  Gateway  
  15  0:48  Probe  
  16  0:53  Assimilator  
  17  0:57  Probe  
  17  1:03  Pylon  
  18  1:09  Probe  
  19  1:22  Zealot  
  19  1:31  Gateway  
  21  1:33  Pylon  
  21  1:37  Cybernetics Core  
  21  1:48  Zealot  
  21  1:50  Pylon  
  23  2:00  Probe  
  23  2:35  Shield Battery  
  23  2:38  Nexus  
  23  2:49  Stalker  
  27  2:51  Sentry  
  27  2:54  Assimilator  
Tags
 
Add a new tag
Caveats
  • Supply blocks, unpowered buildings, or Contaminate may cause inaccurate times.
  • Supply counts are checked every 10 seconds.